 Dungeon Crawl Stone Soup version 0.23.2-1-ga50397a6bc (webtiles) character file.

Game seed: 16829085342223452617

10311 Kobolds4U the Cleaver (level 11, -4/99 HPs)
             Began as a Minotaur Fighter on Apr 24, 2019.
             Was a Believer of Uskayaw.
             Slain by a troll (11 damage)
             ... on level 11 of the Dungeon.
             The game lasted 00:22:46 (7646 turns).

Kobolds4U the Cleaver (Minotaur Fighter)            Turns: 7646, Time: 00:22:46

Health: -4/99      AC: 14    Str: 22    XL:     11   Next: 34%
Magic:  20/20      EV: 16    Int:  8    God:    Uskayaw [**....]
Gold:   590        SH:  0    Dex: 11    Spells: 10/10 levels left

rFire    . . .     SeeInvis .   T - +3 battleaxe (curse)
rCold    . . .     Gourm    +   (shield currently unavailable)
rNeg     + . .     Faith    .   A - +4 ring mail of Husyuse {rN+ Int+2 Slay+3 Stlth+}
rPois    .         Spirit   .   (helmet restricted)
rElec    .         Reflect  .   v - +0 cloak
rCorr    .         Harm     .   (no gloves)
MR       .....                  O - +0 pair of boots
Stlth    ++........             h - amulet of the gourmand
HPRegen  0.26/turn              (no ring)
MPRegen  0.17/turn              I - ring of magical power

@: no status effects
A: retaliatory headbutt, horns 2
a: Stomp, Line Pass, Renounce Religion


You were on level 11 of the Dungeon.
You worshipped Uskayaw.
Uskayaw was noncommittal.
You were completely stuffed.

You visited 2 branches of the dungeon, and saw 12 of its levels.
You also visited: Sewer.

You collected 590 gold pieces.

Inventory:

Hand Weapons
 a - a +0 war axe
 T - a cursed +3 battleaxe (weapon)
Missiles
 b - 3 poisoned tomahawks
 M - 5 tomahawks (quivered)
Armour
 j - a +2 leather armour of cold resistance
 s - a +0 chain mail
 v - a +0 cloak (worn)
 A - the +4 ring mail of Husyuse (worn) {rN+ Int+2 Slay+3 Stlth+}
   (You found it on level 5 of the Dungeon)

   It affects your intelligence (+2).
   It affects your accuracy and damage with ranged weapons and melee attacks
   (+3).
   It protects you from negative energy.
   It makes you more stealthy.
 O - a +0 pair of boots (worn)
Jewellery
 h - an amulet of the gourmand (around neck)
 q - an uncursed amulet of regeneration
 w - an uncursed amulet of guardian spirit
 I - a ring of magical power (right hand)
Wands
 k - a wand of scattershot (5)
 z - a wand of clouds (6)
 D - a wand of polymorph (10)
 G - a wand of digging (8)
 K - a wand of flame (19)
 S - a wand of enslavement (7)
Scrolls
 e - 2 scrolls of vulnerability {unknown}
 l - a scroll of teleportation
 n - 4 scrolls of fog
 o - 2 scrolls of amnesia {unknown}
 p - a scroll of immolation {unknown}
 r - 2 scrolls of enchant armour {unknown}
 t - 5 scrolls of remove curse
 u - a scroll of noise {unknown}
 E - 2 scrolls of random uselessness {unknown}
 F - a scroll of holy word {unknown}
 J - 4 scrolls of identify
 N - a scroll of magic mapping {unknown}
 Q - a scroll of enchant weapon {unknown}
 R - a scroll of blinking
Potions
 c - a potion of flight {unknown}
 d - 4 potions of might
 g - a potion of lignification
 i - 2 potions of cancellation
 m - 2 potions of agility
 x - a potion of ambrosia {unknown}
 B - 3 potions of curing
 C - a potion of heal wounds {unknown}
 L - 2 potions of resistance {unknown}
 P - 2 potions of mutation {unknown}
Comestibles
 f - 15 rations
 H - 10 chunks of flesh


   Skills:
 - Level 10.0 Fighting
 + Level 12.5 Axes
 - Level 10.0 Armour
 - Level 10.1 Dodging
   Level 3.6 Shields
 * Level 1.8 Invocations


You had 10 spell levels left.
You didn't know any spells.
Your spell library contained the following spells:

 Spells                   Type           Power        Failure   Level  Hunger
 Animate Skeleton         Necr           N/A          54%         1    ##.....
 Apportation              Tloc           #.....       54%         1    ##.....
 Confusing Touch          Hex            #.....       54%         1    ##.....
 Summon Small Mammal      Summ           #...         54%         1    ##.....


Dungeon Overview and Level Annotations

Branches:
Dungeon (11/15)            Temple (1/1) D:4             Orc (0/2) D:10
   Lair: D:8-11

Altars:
Ashenzari
Cheibriados
Dithmenos
Elyvilon
Fedhas
Gozag
Hepliaklqana
Kikubaaqudgha
Makhleb
Nemelex Xobeh
Okawaru
Qazlal
Ru
Sif Muna
Trog
Uskayaw
Vehumet
Wu Jian
Xom
Yredelemnul
Zin
The Shining One

Shops:
D:7 (


Innate Abilities, Weirdness & Mutations

You reflexively headbutt those who attack you in melee.
You have a pair of horns on your head.


Message History

You barely miss the red ugly thing. The red ugly thing gores you!
You are engulfed in flames!
The troll bites you but does no damage. The troll misses you. x2
You barely miss the troll. Your headbutt misses the troll.
The troll is heavily wounded.
You slash the red ugly thing! The red ugly thing gores you!
* * * LOW HITPOINT WARNING * * *
You are engulfed in flames!!
* * * LOW HITPOINT WARNING * * *
The troll bites you but does no damage.
The troll claws you but does no damage. x2
A big kobold comes into view. It is wielding a +0 dagger.
The red ugly thing gores you but does no damage.
You can now pass through a line of other dancers.
The red ugly thing gores you but does no damage.
There is a dry fountain here.
The red ugly thing closely misses you. You furiously retaliate!
You headbutt the red ugly thing, but do no damage.
An orc comes into view. It is wielding a +0 falchion.
The troll bites you but does no damage. The troll claws you!
You die...

##+# #+## .#...##
###...#.
...⌠...###...⌠.'.
#.......()....#
#(...@)...###
###(KTu)###
##.⌠.##
###...K.###
#.K..<....#
#.............#
..⌠...###...⌠.+
#...## ###...#
##.# #o##


You could see a red ugly thing, a troll, a big kobold and 2 kobolds.

Vanquished Creatures
  A two-headed ogre (D:8)
  Sonja (D:10)
  An unseen horror (D:10)
  A cyclops (D:11)
  A centaur zombie (D:10)
  A troll (D:10)
  Grinder (D:6)
  2 hippogriffs
  6 yaks (D:9)
  A wyvern (D:8)
  2 wraiths (D:10)
  A hungry ghost (D:10)
  A water moccasin (D:7)
  3 orc warriors
  3 sky beasts
  4 ice beasts
  A phantom (D:9)
  7 ogres
  3 centaurs
  4 big kobolds (Sewer)
  Blork the orc (D:4)
  8 bullfrogs
  2 wyvern skeletons (D:6)
  2 scorpions
  19 wights
  2 howler monkeys (D:11)
  3 bullfrog zombies
  3 crimson imps
  A quasit (D:6)
  5 hounds
  2 bullfrog skeletons
  A jelly (D:8)
  A gnoll shaman (D:6)
  8 orc priests
  2 iguanas
  12 orc wizards
  8 worker ants
  A hound zombie (D:5)
  A hound skeleton (D:8)
  A worker ant zombie (D:10)
  Robin (D:4)
  13 gnolls
  3 river rats
  15 adders
  3 shadow imps
  5 oozes
  An adder zombie (D:8)
  3 adder skeletons
  5 worms
  3 dart slugs (D:2)
  11 leopard geckos
  31 orcs
  3 bats
  9 giant cockroaches
  11 hobgoblins
  16 jackals
  4 quokkas
  2 ball pythons (Sewer)
  4 frilled lizards
  16 goblins
  11 kobolds
  A quokka zombie (D:9)
  14 rats
313 creatures vanquished.

Notes
Turn   | Place    | Note
-------+----------+-------------------------------------------
     0 | D:1      | Kobolds4U the Minotaur Fighter began the quest for the Orb.
     0 | D:1      | Reached XP level 1. HP: 19/19 MP: 0/0
   151 | D:1      | Reached XP level 2. HP: 25/27 MP: 1/1
   200 | D:1      | Reached skill level 3 in Axes
   617 | D:2      | Reached XP level 3. HP: 34/34 MP: 2/2
   763 | D:2      | Reached skill level 5 in Fighting
   993 | D:2      | Reached XP level 4. HP: 37/42 MP: 3/3
  1337 | D:3      | Found a hide-covered altar of Uskayaw.
  1345 | D:3      | Became a worshipper of Uskayaw the Reveler
  1362 | D:3      | Reached * piety under Uskayaw
  1471 | D:3      | Reached ** piety under Uskayaw
  1473 | D:3      | Reached skill level 4 in Axes
  1477 | D:3      | Reached *** piety under Uskayaw
  1501 | D:3      | Reached XP level 5. HP: 46/50 MP: 4/4
  1537 | D:3      | Found an iron altar of Okawaru.
  1829 | D:3      | Reached skill level 5 in Axes
  2252 | D:4      | Noticed an ogre
  2255 | D:4      | Reached **** piety under Uskayaw
  2258 | D:4      | Killed an ogre
  2258 | D:4      | Reached skill level 6 in Axes
  2258 | D:4      | Reached XP level 6. HP: 49/57 MP: 5/5
  2285 | D:4      | Noticed Blork the orc
  2296 | D:4      | Killed Blork the orc
  2392 | D:4      | Noticed Robin
  2405 | D:4      | Killed Robin
  2447 | D:4      | Found a staircase to the Ecumenical Temple.
  2583 | D:4      | Found a deep blue altar of Sif Muna.
  2617 | D:4      | Found a radiant altar of Vehumet.
  2617 | D:4      | Found a glowing silver altar of Zin.
  2624 | D:4      | Found an ancient bone altar of Kikubaaqudgha.
  2624 | D:4      | Found a bloodstained altar of Trog.
  2763 | Temple   | Entered the Ecumenical Temple
  2829 | D:5      | Entered Level 5 of the Dungeon
  2850 | D:5      | Reached skill level 7 in Axes
  2853 | D:5      | Reached XP level 7. HP: 58/63 MP: 6/6
  2854 | D:5      | Found a blossoming altar of Fedhas.
  2874 | D:5      | Reached skill level 5 in Armour
  3163 | D:5      | Found a shimmering altar of Xom.
  3165 | D:5      | Found an ornate altar of the Wu Jian Council.
  3165 | D:5      | Found a sacrificial altar of Ru.
  3198 | D:5      | Reached skill level 8 in Axes
  3256 | D:5      | Got a dazzling ring mail
  3271 | D:5      | Identified the +4 ring mail of Husyuse {rN+ Int+2 Slay+3
                  | Stlth+} (You found it on level 5 of the Dungeon)
  3329 | D:5      | Found a glowing drain.
  3341 | Sewer    | Entered a sewer
  3433 | Sewer    | Reached skill level 9 in Axes
  3433 | Sewer    | Reached XP level 8. HP: 69/70 MP: 7/7
  3558 | Sewer    | Reached skill level 1 in Dodging
  3988 | D:6      | Reached ***** piety under Uskayaw
  4203 | D:6      | Noticed Grinder
  4207 | D:6      | Paralysed by Grinder for 2 turns
  4213 | D:6      | Reached XP level 9. HP: 53/81 MP: 8/8
  4220 | D:6      | Killed Grinder
  4803 | D:7      | Reached skill level 10 in Fighting
  4803 | D:7      | Reached skill level 10 in Armour
  4810 | D:7      | Reached skill level 5 in Dodging
  4869 | D:7      | Found Naugheva's Antique Weapon Shop.
  5112 | D:8      | Reached XP level 10. HP: 62/93 MP: 9/9
  5386 | D:8      | Noticed a two-headed ogre
  5398 | D:8      | Killed a two-headed ogre
  5903 | D:9      | Found a snail-covered altar of Cheibriados.
  5908 | D:9      | Reached skill level 10 in Axes
  6099 | D:9      | Reached skill level 11 in Axes
  6384 | D:10     | Entered Level 10 of the Dungeon
  6490 | D:10     | Reached XP level 11. HP: 54/99 MP: 10/10
  6879 | D:10     | Noticed Sonja
  6889 | D:10     | Killed Sonja
  6889 | D:10     | Reached skill level 10 in Dodging
  7278 | D:10     | Reached skill level 12 in Axes
  7340 | D:10     | Killed an unseen horror
  7529 | D:10     | Found a staircase to the Orcish Mines.
  7623 | D:11     | Reached skill level 1 in Invocations
  7633 | D:11     | Noticed a red ugly thing
  7646 | D:11     | Slain by a troll

Skill      XL: |  1  2  3  4  5  6  7  8  9 10 11 |
---------------+----------------------------------+-----
Fighting       | 4 5 6 8 10 | 10.0
Axes           | 3 4 6 7 9 11 12 | 12.5
Armour         | 4 6 8 10 | 10.0
Dodging        | 3 6 9 10 | 10.1
Invocations    | 1 |  1.8
Shields        | |  3.6

Action                   |  1- 3 |  4- 6 |  7- 9 | 10-12 || total
-------------------------+-------+-------+-------+-------++-------
Melee: War axe           |    80 |   138 |   321 |     3 ||   542
       Headbutt          |    10 |    22 |    64 |    37 ||   133
       Battleaxe         |       |       |       |   152 ||   152
Invok: Stomp             |       |       |     7 |     7 ||    14
       Line Pass         |       |       |     2 |     3 ||     5
       Grand Finale      |       |       |       |     1 ||     1
  Use: Scroll            |       |     4 |     5 |     2 ||    11
       Potion            |       |       |       |     1 ||     1
 Stab: Paralysed         |       |     5 |    22 |    12 ||    39
       Sleeping          |       |       |     1 |     1 ||     2
       Distracted        |       |       |       |     1 ||     1
  Eat: Chunk             |       |     6 |    10 |    27 ||    43
Armor: Scale mail        |    41 |    33 |       |       ||    74
       Chain mail        |       |    14 |    42 |       ||    56
       Ring mail         |       |       |   120 |    92 ||   212
Dodge: Dodged            |    18 |    37 |   107 |   179 ||   341
Block: Shield            |    45 |    76 |   160 |     4 ||   285
